[Event "*** Titled Tuesday Blitz"]
[Site "Chess.com"]
[Date "2018.06.05"]
[Round "3"]
[White "BogdanDeac"]
[Black "Doraemon7"]
[Result "1-0"]
[WhiteElo "2681"]
[BlackElo "2404"]
[TimeControl "180+2"]
[EndTime "13:42:38 PDT"]
[Termination "BogdanDeac won by resignation"]

1. d4 d5 2. c4 c6 3. Nf3 Nf6 4. Qc2 dxc4 5. Qxc4 Bg4 6. Nc3 Nbd7 7. e4 e5 8. Nxe5 Nxe5 9. dxe5 Be6 10. Qd3 Qxd3 11.
Bxd3 Ng4 12. f4 Bc5 13. Be2 Ne3 14. Bxe3 Bxe3 15. Rf1 O-O-O 16. Rf3 Bd4 17. Rd1 Kc7 18.
a3 Bb3 19. Rd2 Rhe8 20. Rfd3 Bc5 21. Nb5+ cxb5 22. Rxb3 a6 23. Rd5 Kb6 24. Rbd3 Be7 25. Kf2 Kc7 26. Bg4 Kb6 27. g3 h6 28. h4 Bc5+ 29.
Kf3 Be7 30. h5 Kc7 31. Rd7+ Kb6 32. R7d5 Kc7 33. Bd7 Rf8 34. Ke2 Kb6 35. Bf5 Kc6 36. e6 fxe6 37. Bxe6 Rxd5 38. Bxd5+ Kb6 39. e5 Rc8 40.
Rd2 Rc1 41. Be4 Rg1 42. Kf3 Kc7 43. Rc2+ Kb6 44. Rd2 Rc1 45. Kg4 Bc5 46. Rd7 Re1 47. Rxb7+ Ka5 48. Bf3 b4 49. axb4+ Bxb4 50. Rxg7 Ka4 51.
Rb7 a5 52. Kf5 Kb3 53. e6 Kxb2 54. Bd5 Rd1 55. Be4 Rd8 56. e7 Re8 57. Ke6 Kc3 58.
Bg6 Rc8 59. e8=Q Rxe8+ 60. Bxe8 a4 61. Bxa4 1-0

[Event "*** Titled Tuesday Blitz"]
[Site "Chess.com"]
[Date "2018.06.05"]
[Round "3"]
[White "Alexander_Moskalenko"]
[Black "PaulfromSPb"]
[Result "1-0"]
[WhiteElo "2763"]
[BlackElo "2424"]
[TimeControl "180+2"]
[EndTime "13:42:49 PDT"]
[Termination "Alexander_Moskalenko won by resignation"]

1. d4 Nf6 2. Bf4 e6 3. e3 c5 4.
Nf3 Nc6 5. c3 b6 6. Nbd2 Be7 7.
Bd3 Nh5 8. Be5 Nxe5 9. Nxe5 Nf6 10. Qf3 Rb8 11. O-O O-O 12. Qh3 h6 13. a4 Qc7 14.
Ng4 Nxg4 15. Qxg4 d6 16. Qe4 g6 17. Qf4 Bg5 18. Qg3 Bf6 19. Ne4 Be7 20. b4 Bb7 21. dxc5 bxc5 22. Nxc5 Ba8 23. Nxe6 Qxc3 24.
Nf4 Rxb4 25. Bxg6 Kh8 26. Qh3 Qg7 27. Bh5 Bf6 28. Rad1 Be5 29. Bf3 Bxf3 30. Qxf3 Rxa4 31. g3 Qf6 32. Qc6 Ra5 33. Rd2 Rc5 34. Qd7 a5 35. Rfd1 Rd8 36. Qa7 Rdc8 37. Nd3 Rd5 38. Nxe5 Rxd2 39.
Nxf7+ Qxf7 40. Qxf7 Rxd1+ 41. Kg2 Rc5 42. g4 Rd2 43.
Kg3 a4 44. Qe8+ Kg7 45. Qxa4 Rcc2 46. Qf4 Rc1 47. h3 Rg1+ 48. Kh2 Rf1 49. Kg2 Rfd1 50.
Qf5 Rd5 51. Qd7+ Kf6 52. Qd8+ Kg6 53. Qe8+ Kg7 54. h4 Re5 55. Qd7+ Kf6 56. Qh7 h5 57.
g5+ Ke6 58. Qxh5 Rd2 59. Qg6+ Kd5 60. Qf7+ Kc5 61. Qc7+ Kd5 62. Qf7+ Ke4 63. Qf4+ Kd3 64. g6 Re4 65. Qxe4+ Kxe4 66. g7 1-0

[Event "*** Titled Tuesday Blitz"]
[Site "Chess.com"]
[Date "2018.06.05"]
[Round "3"]
[White "EndgameGrinder"]
[Black "nubair1198"]
[Result "0-1"]
[WhiteElo "2525"]
[BlackElo "2539"]
[TimeControl "180+2"]
[EndTime "13:42:53 PDT"]
[Termination "nubair1198 won by resignation"]

1. e4 c6 2. d4 d5 3. Nd2 dxe4 4. Nxe4 Bf5 5. Ng3 Bg6 6. h4 h6 7. Nf3 e6 8. Ne5 Bh7 9. Bd3 Bxd3 10. Qxd3 Nd7 11. Nxd7 Qxd7 12. Be3 Nf6 13. O-O-O Be7 14. Kb1 O-O 15. Ne4 Rfd8 16. Nxf6+ Bxf6 17. g4 Be7 18. g5 h5 19. g6 Qd5 20. gxf7+ Kxf7 21. Rhg1 Qf5 22.
Qe2 c5 23. dxc5 Rxd1+ 24. Rxd1 Rd8 25. Rg1 Rd5 26. a3 Bxh4 27. Qb5 b6 28. Qc6 Bf6 29. cxb6 axb6 30. Qxb6 Rb5 31. Qc7+ Kg8 32. Bc1 Qxf2 33. Rd1 Kh7 34. Qc6 Rb6 35. Qe4+ Qf5 36. Qe2 h4 37. Rh1 g5 38. Rf1 Qe5 39. Qxe5 Bxe5 40. Bxg5 Rxb2+ 41. Kc1 Ra2 42. Kd2 h3 43. Bf4 Bxf4+ 44. Rxf4 Rxa3 45. Rh4+ Kg6 46. c3 h2 47. Kd3 Ra2 48. Ke3 Kg5 49. Rh8 Kg4 50. c4 Kg3 51. c5 Kg2 52. Rg8+ Kf1 53. Rh8 Kg1 54. Kd3 h1=Q 55. Rxh1+ Kxh1 56. c6 Ra6 57. c7 Rc6 58. c8=Q Rxc8 0-1

[Event "*** Titled Tuesday Blitz"]
[Site "Chess.com"]
[Date "2018.06.05"]
[Round "3"]
[White "GianmarcoVaR"]
[Black "RichardABates"]
[Result "1-0"]
[WhiteElo "2493"]
[BlackElo "2292"]
[TimeControl "180+2"]
[EndTime "13:42:55 PDT"]
[Termination "GianmarcoVaR won by resignation"]

1. d4 Nf6 2. Nf3 g6 3. g3 Bg7 4. Bg2 O-O 5. O-O d6 6. c4 c6 7. Nc3 Qb6 8. b3 Qa5 9. Bb2 Qh5 10. Re1 Bh3 11. Bh1 Nbd7 12. Qd2 Bh6 13. Qc2 d5 14. e4 dxe4 15. Nxe4 Bf5 16. Ne5 Nxe5 17. dxe5 Ng4 18. f4 Rad8 19. Bf3 Qh3 20. Qe2 Bxe4 21. Bxe4 Nxh2 22.
Qg2 Qxg2+ 23. Bxg2 Ng4 24. Bf3 Rd2 25. Bc1 Rd3 26.
Kg2 f5 27. exf6 Nxf6 28. Rxe7 Rfd8 29. Re2 Bg7 30. Bb2 Rd2 31. Re1 R8d7 32. Bc3 R2d3 33. Be5 h5 34. Bxf6 Bxf6 35. Be4 Rd2 36. Bxg6 h4 37.
g4 Kg7 38. Bf5 R7d4 39. g5 Bd8 40. Kf3 h3 41. Bxh3 R2d3+ 42. Re3 Ba5 43. Rxd3 Rxd3+ 44. Re3 Rxe3+ 45. Kxe3 Bc3 46. f5 Bb2 47. Kf4 Bc1+ 48. Kg4 a5 49. Kh5 b5 50. Bf1 a4 51. cxb5 cxb5 52. Bxb5 axb3 53. axb3 Bd2 54. f6+ 1-0

[Event "*** Titled Tuesday Blitz"]
[Site "Chess.com"]
[Date "2018.06.05"]
[Round "3"]
[White "pultineviciuspaulius"]
[Black "olksuna"]
[Result "0-1"]
[WhiteElo "2604"]
[BlackElo "2417"]
[TimeControl "180+2"]
[EndTime "13:42:56 PDT"]
[Termination "olksuna won by resignation"]

1. e4 d6 2. d4 Nf6 3. Nc3 e5 4. Nf3 Nbd7 5. Bc4 Be7 6. O-O O-O 7. a4 a5 8. Re1 b6 9. h3 Bb7 10. Bg5 Re8 11. Qd3 h6 12. Bh4 Bf8 13. Rad1 exd4 14.
Qxd4 Ne5 15. Nxe5 dxe5 16. Qe3 Qe7 17. Bd5 Nxd5 18. Nxd5 Qxh4 19. Nxc7 Bc5 20. Qf3 Rad8 21. Nxe8 Rxe8 22. Rd7 Re7 23. Rd8+ Kh7 24. Qf5+ g6 25. Qf3 Bc6 26. Red1 Bxe4 27. Qe2 Bc6 28. Rc8 Bb7 29. Rb8 Qg5 30. Qf1 e4 31. Rdd8 Qe5 32. Kh1 g5 33. Qe2 e3 34. fxe3 Qxe3 35. Rh8+ Kg7 36. Rbg8+ Kf6 37. Rxh6+ Ke5 38. Rxg5+ f5 39. Rxf5+ Kxf5 40.
Qg4+ Ke5 41. Qh5+ Kd4 42. Qg4+ Qe4 43. Qd1+ Kc4 44. Qf1+ Qe2 45. Rh4+ Bd4 46. b3+ Kc3 47. Qa1+ Kxc2 48. Qa2+ Bb2 49. Rc4+ Qxc4 50. bxc4 Re1+ 51. Kh2 Ra1 52. Qxa1 Bxa1 53. c5 bxc5 54. h4 c4 55. g4 Bd4 56. h5 c3 57. g5 Be4 58. h6 Bg6 59. Kg3 Kd2 60. Kf4 c2 61. h7 Bxh7 0-1

[Event "*** Titled Tuesday Blitz"]
[Site "Chess.com"]
[Date "2018.06.05"]
[Round "3"]
[White "The_Unbeatable_One"]
[Black "INDIAN-ELEPHANT"]
[Result "1-0"]
[WhiteElo "2647"]
[BlackElo "2592"]
[TimeControl "180+2"]
[EndTime "13:42:56 PDT"]
[Termination "The_Unbeatable_One won by resignation"]

1. Nf3 Nf6 2. g3 d5 3. Bg2 c6 4.
O-O Bf5 5. d3 h6 6. Nbd2 e6 7.
b3 Be7 8. Bb2 O-O 9. Ne5 Nbd7 10. e4 Bh7 11. Qe2 Re8 12. Rad1 Nxe5 13. Bxe5 Nd7 14.
Bb2 Bf6 15. e5 Be7 16. f4 a5 17. a3 a4 18. b4 c5 19. c3 Rc8 20. Rc1 b5 21. d4 cxd4 22. cxd4 Qb6 23. g4 f5 24. Bh3 Nf8 25. Kh1 fxg4 26. Bxg4 Bf5 27. Bh5 g6 28. Bf3 Qb7 29. Rc5 Bxc5 30. dxc5 Qd7 31. Bd4 Kh7 32.
Nb1 Bxb1 33. Rxb1 Qf7 34. Qe3 Nd7 35. Rf1 Nb8 36. Be2 Qb7 37. Bd3 Rg8 38. Rg1 Rc7 39. h4 h5 40. Qf3 Kh8 41. Bxg6 Rh7 42. f5 Nc6 43. Bb2 exf5 44. e6+ d4 45. Bxh7 Rxg1+ 46. Kxg1 Kxh7 47. Qxh5+ Kg8 48. Qg6+ Qg7 49. Qxg7+ Kxg7 50. h5 Kh6 51. Bxd4 Kxh5 52. Bf6 Kg6 53. e7 Kf7 54.
Kf2 Nb8 55. Bg5 Nd7 56. c6 Nb6 57. c7 Ke8 58. Be3 Nc8 59. Bc5 Kd7 60. Kf3 1-0

[Event "*** Titled Tuesday Blitz"]
[Site "Chess.com"]
[Date "2018.06.05"]
[Round "3"]
[White "BillieKimbah"]
[Black "milovanratkovic"]
[Result "1-0"]
[WhiteElo "2751"]
[BlackElo "2542"]
[TimeControl "180+2"]
[EndTime "13:42:57 PDT"]
[Termination "BillieKimbah won by resignation"]

1. Nf3 Nf6 2. g3 g6 3. Bg2 Bg7 4. d4 d6 5. O-O O-O 6. b3 c6 7.
Bb2 Nbd7 8. c4 Re8 9. Nc3 e5 10. e4 Qc7 11. Re1 b6 12. h3 a6 13. a4 Bb7 14. d5 c5 15. a5 bxa5 16. Nb1 Nf8 17. Bc3 h6 18. Nbd2 Bc8 19. Bxa5 Qb7 20. Qc2 Bd7 21. Reb1 Qc8 22. Kh2 g5 23. b4 g4 24. hxg4 Nxg4+ 25. Kg1 Rb8 26. bxc5 Qxc5 27. Nb3 Qa7 28. c5 dxc5 29. Qxc5 Qxc5 30. Nxc5 Rxb1+ 31. Rxb1 Bb5 32. Bf1 Rc8 33. Bb6 Bxf1 34. Kxf1 Nf6 35. Nh4 N8d7 36. Nxd7 Nxd7 37. Be3 Bf8 38. Nf5 Rb8 39. Ra1 Ra8 40. Bxh6 Bxh6 41. Nxh6+ Kg7 42. Nf5+ Kf6 43. Ke2 a5 44. f3 a4 45. Ra3 Nb6 46. Ne3 Rh8 47. Ng4+ Ke7 48. Nxe5 Rh2+ 49. Kd3 Rg2 50.
Nc4 Rxg3 51. Kd4 Nd7 52. e5 Rh3 53. Nd6 Rh4+ 54. Ne4 f5 55. exf6+ Nxf6 56. Rxa4 Rh5 57. Ra7+ Nd7 58. Rxd7+ 1-0

[Event "*** Titled Tuesday Blitz"]
[Site "Chess.com"]
[Date "2018.06.05"]
[Round "3"]
[White "leclash"]
[Black "GM_Huschenbeth"]
[Result "0-1"]
[WhiteElo "2307"]
[BlackElo "2459"]
[TimeControl "180+2"]
[EndTime "13:42:57 PDT"]
[Termination "GM_Huschenbeth won by resignation"]

1. d4 d5 2. c4 dxc4 3. e3 e5 4. Bxc4 exd4 5. exd4 Bd6 6. Nc3 Nf6 7. Nf3 O-O 8. O-O Nc6 9. h3 h6 10. Qc2 Nb4 11. Qb1 c6 12. a3 Nbd5 13. Bd2 Be6 14. Ne5 Nxc3 15. Bxc3 Bxc4 16. Nxc4 Nd5 17. Qf5 Bc7 18.
Rfe1 Qh4 19. Re4 Qf6 20. Qxf6 Nxf6 21. Re2 Rfe8 22. Rae1 Rxe2 23. Rxe2 Nd5 24. Kf1 h5 25. Ne3 Nf4 26. Rd2 Rd8 27. h4 Bb6 28. Nc4 f6 29. Nxb6 axb6 30. g3 Nd5 31. Rd3 Kf7 32. Bd2 b5 33. Ke2 Ra8 34. Rf3 Ra4 35. Kd3 g6 36.
Bc3 f5 37. Kc2 Ra8 38. Rd3 Re8 39. Rd1 f4 40. Re1 Rxe1 41. Bxe1 Kf6 42. Kd3 Kf5 43.
f3 fxg3 44. Bxg3 g5 45. b3 gxh4 46. Bxh4 Kf4 47. a4 bxa4 48. bxa4 Kxf3 49. Kc4 Kg4 50. Bd8 h4 51. Bxh4 Kxh4 52. Kc5 Kg4 53. Kd6 Kf5 54. a5 Ke4 55. Kd7 Kxd4 56. Kc8 Kc5 57. Kxb7 Kb5 58. a6 c5 0-1

[Event "*** Titled Tuesday Blitz"]
[Site "Chess.com"]
[Date "2018.06.05"]
[Round "3"]
[White "bugsbunny444"]
[Black "dawtonlms"]
[Result "1-0"]
[WhiteElo "2332"]
[BlackElo "2399"]
[TimeControl "180+2"]
[EndTime "13:42:57 PDT"]
[Termination "bugsbunny444 won by resignation"]

1. Nf3 Nf6 2. c4 e6 3. g3 d5 4.
Bg2 Be7 5. O-O O-O 6. b3 c5 7.
e3 Nc6 8. Bb2 b6 9. Nc3 Ba6 10.
Qe2 Qd7 11. Nb5 Rad8 12. Rfd1 Ne4 13. d3 Nd6 14. d4 cxd4 15. exd4 dxc4 16. bxc4 Nxc4 17.
Qxc4 Na5 18. Qc7 Bxb5 19. Qxd7 Rxd7 20. Ne5 Rdd8 21. Rac1 Bd6 22. d5 exd5 23. Bxd5 Ba4 24.
Rd3 Bb5 25. Rdd1 Ba4 26. Rd3 h6 27. h4 Bb5 28. Rdd1 Bb8 29. Nxf7 Rxd5 30. Rxd5 Kxf7 31. Rxb5 Re8 32. Rf5+ Kg8 33. Rf3 Nb7 34. Rfc3 Nc5 35. Ba3 Be5 36. Re3 Kf7 37. Bxc5 bxc5 38. Rce1 Kf6 39.
Kg2 Re7 40. f4 Bd6 41. Rxe7 Bxe7 42. Kf3 Bd6 43. Ke4 Ke6 44. f5+ Kf6 45. g4 Bg3 46.
Rh1 Bf2 47. Kd5 a5 48. a4 Bd4 49. Ke4 Bf2 50. Kf3 Bd4 51. Re1 Be5 52. Rc1 Bd4 53. Re1 Be5 54. Rb1 c4 55. Rb6+ Kf7 56. Ke4 Bf6 57. Rc6 c3 58. g5 hxg5 59. hxg5 Bxg5 60.
Rxc3 Bd2 61. Rc6 Bb4 62. Kd5 Be1 63. Kc4 Bd2 64. Kb5 Be1 65. Ra6 Bd2 66. Rxa5 Kf6 67. Ra7 Be3 68. Rd7 1-0

[Event "*** Titled Tuesday Blitz"]
[Site "Chess.com"]
[Date "2018.06.05"]
[Round "3"]
[White "playablecharacter"]
[Black "DSCC1"]
[Result "0-1"]
[WhiteElo "2053"]
[BlackElo "2155"]
[TimeControl "180+2"]
[EndTime "13:42:59 PDT"]
[Termination "DSCC1 won by checkmate"]

1. d4 d5 2. c4 Nc6 3. Nf3 Bg4 4.
cxd5 Bxf3 5. dxc6 Bxc6 6. Nc3 e6 7. e4 Bb4 8. f3 Qh4+ 9. g3 Qh5 10. Be3 f5 11.
Bg2 Nf6 12. e5 Nd5 13. Bd2 Ba5 14. Nxd5 Bxd2+ 15. Qxd2 Bxd5 16. O-O O-O 17. Rac1 c6 18. b4 Rfd8 19. a4 Rd7 20. Rfd1 Bxf3 21. Bxf3 Qxf3 22. b5 cxb5 23. axb5 Rad8 24. Qa2 Qd5 25. Qa4 h6 26. Kf2 Qe4 27. Qxa7 Rxd4 28. Rxd4 Rxd4 29. Qa2 Qxe5 30. Re1 Qd5 31. Qxd5 Rxd5 32. Rxe6 Rxb5 33. Kf3 Kf7 34. Rd6 Rb2 35. h4 g6 36. Kf4 Rb4+ 37. Kf3 b5 38. Rb6 h5 39. Ke3 Rb3+ 40. Kf4 Rb4+ 41. Kf3 Rb1 42. Kf4 b4 43. Kg5 Rg1 44.
Rb7+ Ke6 45. Kxg6 Rxg3+ 46. Kxh5 b3 47. Kh6 f4 48. h5 Kd5 49. Kh7 Kc4 50. h6 f3 51. Kh8 f2 52. Rf7 Rh3 53. h7 b2 54.
Rf4+ Kd5 55. Rf5+ Ke4 56. Rxf2 b1=Q 57. Re2+ Kd3 58. Rg2 Qa1+ 59. Rg7 Rg3 60. Kg8 Qxg7# 0-1

[Event "*** Titled Tuesday Blitz"]
[Site "Chess.com"]
[Date "2018.06.05"]
[Round "3"]
[White "DiamondCrusher22"]
[Black "SamCopeland"]
[Result "1/2-1/2"]
[WhiteElo "1958"]
[BlackElo "2026"]
[TimeControl "180+2"]
[EndTime "13:43:02 PDT"]
[Termination "Game drawn by agreement"]

1. e4 Nf6 2. e5 Nd5 3. d4 d6 4.
Nf3 dxe5 5. dxe5 Bg4 6. Bc4 e6 7. O-O Nc6 8. Re1 Bc5 9. Bxd5 Qxd5 10. Nbd2 O-O-O 11. Qe2 Nd4 12. Qe4 Qxe4 13. Rxe4 Bxf3 14. gxf3 Nxc2 15. Rc4 Nxa1 16. Rxc5 Rd5 17. Rc3 Rhd8 18. Ne4 Rd1+ 19. Kg2 Kb8 20. b3 R8d3 21. Rc4 b5 22.
Rc5 a6 23. Be3 Kb7 24. b4 Rb1 25. a3 Nb3 26. Rc2 Nd4 27. Nc5+ Kc6 28. Bxd4 Rxd4 29. Nxe6+ Kd5 30. Nxd4 Kxd4 31. Rxc7 Ra1 32. Rxf7 Kxe5 33.
Rxg7 Rxa3 34. Rxh7 a5 35. bxa5 Rxa5 36. Rb7 Kf5 37. Kg3 Kg5 38. h4+ Kh5 39. f4 Ra3+ 40.
f3 Rb3 41. f5 Rb1 42. Kf4 b4 43. f6 Kg6 44. f7 Kg7 45. h5 Rh1 46. Kg5 Rg1+ 47.
Kf5 Rh1 48. Ke6 Re1+ 49. Kf5 Rh1 50. f4 Rxh5+ 51. Ke6 Rh8 52. f5 Ra8 53. f6+ Kf8 54. Re7 b3 55. Rb7 Ra6+ 56. Kf5 b2 57. Kg6 b1=Q+ 58. Rxb1 Rxf6+ 59. Kg5 Rxf7 60. Rb8+ Kg7 61. Rb6 1/2-1/2

[Event "*** Titled Tuesday Blitz"]
[Site "Chess.com"]
[Date "2018.06.05"]
[Round "3"]
[White "ruvat"]
[Black "MPGM"]
[Result "0-1"]
[WhiteElo "2272"]
[BlackElo "2382"]
[TimeControl "180+2"]
[EndTime "13:43:03 PDT"]
[Termination "MPGM won on time"]

1. d4 Nf6 2. c4 e6 3. g3 d5 4.
Nf3 Bb4+ 5. Bd2 Bd6 6. Qc2 O-O 7.
Nc3 c6 8. e4 dxe4 9. Nxe4 Nxe4 10. Qxe4 Nd7 11. Bd3 Nf6 12. Qh4 e5 13. Bg5 h6 14.
Bxf6 Qxf6 15. Qxf6 gxf6 16. O-O Bg4 17. dxe5 fxe5 18.
Nh4 Rfe8 19. Bf5 Be2 20. Rfc1 e4 21. Ng2 Bc5 22. Ne3 Rad8 23. Rc2 Bd3 24. Rcc1 Bd4 25.
Nd1 Rd6 26. Bh3 Rf6 27. Bf1 Bxf1 28. Kxf1 e3 29. Rc2 exf2 30. Nxf2 Re5 31. Re1 Ref5 32. Ree2 Kg7 33. Kg2 Re6 34. Nh3 Rxe2+ 35. Rxe2 Ra5 36. b3 Re5 37. Rxe5 Bxe5 38. Kf3 f5 39. Nf4 Kf6 40. Nd3 Bd4 41. Nf4 b5 42. cxb5 cxb5 43. Nd3 Bc3 44.
Ke3 a5 45. Kf3 a4 46. bxa4 bxa4 47. Nc5 a3 48. Nd3 Bb2 49. h3 Bc3 50. g4 fxg4+ 51. hxg4 Ke6 52. Ke4 Bb2 53. Nc5+ Kd6 54. Nd3 Kc6 55. Ne1 Kb5 56. Kd5 Kb4 57. Nf3 Kc3 58. Nd4 Bc1 0-1

[Event "*** Titled Tuesday Blitz"]
[Site "Chess.com"]
[Date "2018.06.05"]
[Round "3"]
[White "GMBenjaminBok"]
[Black "Raja3401"]
[Result "0-1"]
[WhiteElo "2557"]
[BlackElo "2390"]
[TimeControl "180+2"]
[EndTime "13:43:05 PDT"]
[Termination "Raja3401 won by resignation"]

1. c4 e5 2. g3 Nf6 3. Bg2 Nc6 4. Nc3 Bc5 5. e3 d6 6. Nge2 O-O 7. O-O Re8 8. d4 exd4 9. exd4 Bb6 10. h3 Bf5 11.
b3 Qd7 12. Kh2 h5 13. Bg5 Ne4 14. Be3 h4 15. g4 Bg6 16. Rc1 Nf6 17. Qd2 Ba5 18.
Qd1 Ne4 19. Nd5 Ne7 20. Ndf4 d5 21. cxd5 Nxd5 22. Nxd5 Qxd5 23. Rc5 Qd6+ 24. Bf4 Qa6 25. Re5 f6 26. Rxe8+ Rxe8 27. Be3 c6 28. Nf4 Bf7 29.
Qc2 Bc7 30. Kg1 Ng3 31. fxg3 Rxe3 32. gxh4 Bxf4 33. Rxf4 Re2 34. Qf5 Qxa2 35. Bf1 Re8 36. g5 Qxb3 37. Qg4 Re3 38. Kh2 Qb2+ 39. Bg2 Bd5 40. gxf6 Qxg2+ 41. Qxg2 Bxg2 42. Kxg2 gxf6 43. Rxf6 a5 44. Rd6 Kf7 45. d5 cxd5 46. Rxd5 a4 47.
Rb5 Rb3 48. Ra5 b5 49. h5 a3 50. h6 Kg8 51. Ra7 b4 52. h7+ Kh8 53. h4 Rc3 54.
Kf2 Rc2+ 55. Kg3 a2 56. Kg4 b3 57. Kg5 b2 58. Rxa2 b1=Q 59. Ra8+ Kxh7 60. Ra7+ Kg8 61. Ra8+ Kf7 62. Ra7+ Ke6 63. Ra8 Rc5+ 0-1

[Event "*** Titled Tuesday Blitz"]
[Site "Chess.com"]
[Date "2018.06.05"]
[Round "3"]
[White "vpantev"]
[Black "korason34"]
[Result "1/2-1/2"]
[WhiteElo "2454"]
[BlackElo "2465"]
[TimeControl "180+2"]
[EndTime "13:43:09 PDT"]
[Termination "Game drawn by agreement"]

1. d4 Nf6 2. Nf3 e6 3. Bf4 d5 4. e3 Bd6 5. Bg3 O-O 6. Nbd2 c5 7. c3 b6 8. Bd3 Nc6 9. Qb1 h6 10. O-O a5 11. a3 Ba6 12. Bxa6 Rxa6 13. Qd3 Ra8 14. a4 Bxg3 15. hxg3 Qd6 16. Rfe1 e5 17. dxe5 Nxe5 18. Nxe5 Qxe5 19. Nf3 Qe6 20. Qb5 Rfd8 21.
Rad1 Rd6 22. Rd3 Rad8 23. Red1 Ne4 24. Nd2 Nf6 25. Nf3 Ne4 26. Nd2 Nf6 27. Nf3 Ne4 28.
Re1 Qf5 29. Rdd1 g5 30. Qe2 Rf6 31. Rf1 Qe6 32. Nd2 Nxd2 33. Rxd2 Qc6 34. Qb5 Qxb5 35. axb5 Rfd6 36. Rfd1 f5 37. c4 d4 38. Kf1 Kf7 39. Ke2 Kf6 40. exd4 cxd4 41. Kd3 Re6 42. Rc1 Re5 43. b3 Rd6 44. Re2 Rxe2 45. Kxe2 f4 46. g4 d3+ 47. Kd2 f3 48. gxf3 Ke5 49. c5 bxc5 50.
Rxc5+ Kd4 51. Rc3 Rb6 52. Rxd3+ Ke5 53. Kc3 Rxb5 54. Kd2 Kf4 55. Ke2 Ke5 56. Kf1 Rb4 57.
Kg2 a4 58. bxa4 Rxa4 59. Rb3 Kf6 60. Rb6+ Kg7 61. Rb5 Rc4 62. Kg3 Ra4 63. Rf5 Ra3 64.
Kg2 Ra4 65. f4 gxf4 66. Kf3 Kg6 67. Rxf4 Ra3+ 68. Kg2 h5 69. gxh5+ Kxh5 70. Rf8 Kg6 71. Rg8+ Kf7 72. Rg3 Ra4 73. Kh3 Rb4 74. Rg4 Rb3+ 75. Rg3 Rb4 76. f3 Kf6 77. Rg1 Kf5 78. Kg3 Rb8 79.
Ra1 Rg8+ 80. Kf2 Rb8 81. Ra4 Rb1 82. Rc4 Ra1 83. Kg3 Rg1+ 84. Kf2 Ra1 85. Rc5+ Kf4 86. Rc2 Rb1 87. Rc4+ Kf5 1/2-1/2

[Event "*** Titled Tuesday Blitz"]
[Site "Chess.com"]
[Date "2018.06.05"]
[Round "3"]
[White "florianschwabeneder"]
[Black "1stSecond"]
[Result "0-1"]
[WhiteElo "2377"]
[BlackElo "2600"]
[TimeControl "180+2"]
[EndTime "13:43:13 PDT"]
[Termination "1stSecond won by resignation"]

1. e4 e5 2. Nf3 Nc6 3. Bb5 a6 4. Ba4 Nf6 5. O-O Be7 6. Bxc6 dxc6 7. d3 Nd7 8. a4 O-O 9. Nbd2 f6 10. Nh4 Nc5 11. Nf5 Ne6 12. Nf3 Rf7 13. Nxe7+ Rxe7 14. Be3 c5 15. Nh4 Bd7 16. Nf5 Rf7 17. b3 Be8 18. Qg4 Kh8 19. Nh6 Re7 20. Nf5 Rd7 21. f4 exf4 22.
Bxf4 Nxf4 23. Rxf4 b5 24. axb5 axb5 25. Raf1 Ra2 26.
Ne3 Rf7 27. Qg3 Qd6 28. h4 Bd7 29. Kh1 Qe5 30. Qf2 Be6 31. g4 Kg8 32. g5 c4 33.
bxc4 bxc4 34. dxc4 Ra3 35. gxf6 g6 36. Kg1 c6 37.
Qd2 h5 38. Qd8+ Kh7 39. Qd2 Qc5 40. R4f3 Bxc4 41. Re1 Be6 42. Qf2 Qe5 43. Ng2 Rxf3 44. Qxf3 Rxf6 45. Qe3 Bc4 46. c3 Kg7 47. Qd4 Qxd4+ 48.
cxd4 Be6 49. Rd1 Kf7 50. Rc1 Bg4 51. Re1 Ke7 52. Ra1 Bf3 53. e5 Rf8 54. Ra7+ Ke6 55.
Ne3 Be4 56. Ra6 Rf3 57. Nc4 Rf4 58. Nd6 Bd5 59. Ra8 Rxd4 60. Re8+ Kd7 61. Rh8 Rxh4 0-1

[Event "*** Titled Tuesday Blitz"]
[Site "Chess.com"]
[Date "2018.06.05"]
[Round "3"]
[White "enriquetejedor"]
[Black "Micki-taryan"]
[Result "0-1"]
[WhiteElo "2545"]
[BlackElo "2825"]
[TimeControl "180+2"]
[EndTime "13:43:14 PDT"]
[Termination "Micki-taryan won by checkmate"]

1. d4 Nf6 2. Nf3 e6 3. Bf4 b6 4. c3 Bb7 5. Nbd2 Bd6 6. Bg3 Nc6 7. e3 Ne7 8. Bd3 Bxg3 9. hxg3 d5 10. O-O O-O 11.
Qe2 g6 12. Ne5 Kg7 13. a4 a5 14. Rfc1 Nf5 15. b4 Nd6 16. Nb3 Nd7 17. Nxd7 Qxd7 18.
bxa5 bxa5 19. Nc5 Qe7 20. Qb2 Bc6 21. Rcb1 Qf6 22. Ra3 h5 23. Qe2 h4 24. Qf3 Qxf3 25.
gxf3 hxg3 26. fxg3 Rfb8 27. Rab3 Rxb3 28. Rxb3 Nc4 29.
Kf2 Rh8 30. Bxc4 dxc4 31. Ra3 Rh2+ 32. Kg1 Rc2 33. e4 g5 34. Kf1 Kf8 35. Na6 g4 36.
Nb8 Ba8 37. fxg4 Bxe4 38. Nd7+ Ke7 39. Ne5 Bd5 40. g5 f6 41. gxf6+ Kxf6 42. g4 Kg5 43. Ke1 Rb2 44. Kd1 Kf4 45. Kc1 Rh2 46. Ra1 Ke3 47. Rb1 Be4 48. Rb5 Rc2+ 49. Kd1 Rxc3 50. g5 Kxd4 51. Rxa5 c5 52. Nd7 Ke3 53. Ne5 Kd4 54. Nd7 Rg3 55. Rxc5 c3 56. Ke2 c2 57.
a5 Rg1 58. a6 c1=Q 59. Rxc1 Rxc1 60. Nb6 Ra1 61. Na8 Ra2+ 62. Ke1 Bxa8 63. g6 Ke3 64.
Kf1 Ra1# 0-1

[Event "*** Titled Tuesday Blitz"]
[Site "Chess.com"]
[Date "2018.06.05"]
[Round "3"]
[White "lionheart95"]
[Black "bangchess21"]
[Result "1-0"]
[WhiteElo "2382"]
[BlackElo "2526"]
[TimeControl "180+2"]
[EndTime "13:43:21 PDT"]
[Termination "lionheart95 won by resignation"]

1. e4 c5 2. Nf3 Nc6 3. d4 cxd4 4. Nxd4 Nf6 5. Nc3 d6 6. Bg5 e6 7. Qd2 a6 8. f3 Bd7 9. O-O-O Be7 10. h4 h6 11. Be3 h5 12. Bd3 Qc7 13. Kb1 Ne5 14. Bg5 b5 15. Nce2 Rb8 16. Rhe1 a5 17. Ng3 g6 18. f4 Nc4 19. Bxc4 bxc4 20. c3 e5 21. Nf3 Rb6 22. f5 Ba4 23. Rc1 O-O 24. fxg6 fxg6 25. Rf1 Rfb8 26. Rf2 Bc6 27. Re1 Ng4 28.
Rfe2 Bf8 29. Qd1 Qb7 30. Bc1 a4 31. a3 Rb3 32. Ka2 Rxc3 33. Nf1 d5 34. N1d2 Rd3 35. Qc2 dxe4 36. Nxe4 Qb3+ 37. Qxb3 cxb3+ 38. Kb1 Rbd8 39. Nfg5 Bd7 40. Bd2 Bf5 41. Kc1 Rc8+ 42. Nc3 Bd6 43. Ne4 Be7 44. Bg5 Bxa3 45. bxa3 Bxe4 46. Rxe4 Rcxc3+ 47. Kb1 Rc2 48. Rxa4 Rdc3 49. Rf1 Nf2 50. Rb4 Ra2 51.
Rb8+ Kf7 52. Rxb3 Rcc2 53. Bc1 Ke6 54. Re1 e4 55. Ree3 Kf5 56. Bb2 Nd3 57. Kxc2 Nxb2 58. Rxb2 Ra1 59. Rb4 Rg1 60. Rexe4 Rxg2+ 61. Kb3 Rg3+ 62. Ka4 Rg2 63. Rec4 Rd2 64. Rb5+ 1-0

[Event "*** Titled Tuesday Blitz"]
[Site "Chess.com"]
[Date "2018.06.05"]
[Round "3"]
[White "Tash_Boy"]
[Black "SantoBlue"]
[Result "0-1"]
[WhiteElo "2701"]
[BlackElo "2800"]
[TimeControl "180+2"]
[EndTime "13:43:25 PDT"]
[Termination "SantoBlue won by resignation"]

1. e4 c5 2. Nf3 g6 3. d4 cxd4 4. Nxd4 Nc6 5. c4 Nf6 6. Nc3 Nxd4 7. Qxd4 d6 8. Be3 Bg7 9. Be2 O-O 10. Qd2 Qa5 11. f3 Be6 12. Rc1 Rfc8 13. b3 a6 14. Na4 Qxd2+ 15. Kxd2 Nd7 16. g4 f5 17. gxf5 gxf5 18. Rhg1 Kh8 19. Nc3 Ne5 20. Nd5 Bxd5 21. exd5 f4 22. Bxf4 Rf8 23. Bg5 Nxf3+ 24. Bxf3 Rxf3 25.
Bxe7 Re8 26. Rce1 Bc3+ 27. Kd1 Bxe1 28. Rxe1 Kg8 29. Bxd6 Rxe1+ 30. Kxe1 Kf7 31. Ke2 Rc3 32. Kd2 Rf3 33. Bg3 Ke8 34. Ke2 Rc3 35. Kd2 Rf3 36.
Ke2 Rf5 37. Ke3 Kd7 38. Kd4 Rf1 39. Kc5 Rb1 40. Kb6 Kc8 41. Be5 Re1 42. Bg3 Re2 43.
a3 Re3 44. b4 Rxa3 45. b5 Rb3 46. d6 Kd7 47. Be5 Rb4 48. Kc5 Rb1 49. bxa6 bxa6 50. Bc3 Rd1 51. Be5 Re1 52. Bg3 Rb1 53. Kd5 a5 54. c5 Rd1+ 55. Kc4 Kc6 56. Kb3 Kxc5 57. Kc2 Rd5 58. Kc3 Kb5 59. Bf4 a4 60. Bg3 h5 61.
Bf4 h4 62. Kc2 h3 63. Bg3 Kc6 64. Kc3 Rxd6 65. Bxd6 Kxd6 66. Kb4 Ke5 67. Kxa4 Kf4 68. Kb4 Kf3 69. Kc3 Kg2 70. Kd2 Kxh2 71. Ke2 Kg2 0-1

[Event "*** Titled Tuesday Blitz"]
[Site "Chess.com"]
[Date "2018.06.05"]
[Round "3"]
[White "nochewycandy"]
[Black "krzysztofszczurek"]
[Result "1/2-1/2"]
[WhiteElo "2103"]
[BlackElo "2172"]
[TimeControl "180+2"]
[EndTime "13:43:25 PDT"]
[Termination "Game drawn - insufficient material"]

1. e4 c5 2. Nf3 d6 3. Bb5+ Bd7 4. c4 Nf6 5. Nc3 g6 6. d4 a6 7. Bxd7+ Nbxd7 8. e5 cxd4 9. exf6 dxc3 10. fxe7 Qxe7+ 11. Kf1 Bg7 12. bxc3 Bxc3 13. Rb1 Nc5 14. Bg5 Qe4 15.
Rc1 Bg7 16. Qxd6 Qd3+ 17. Qxd3 Nxd3 18. Rb1 h6 19. Be3 O-O-O 20. g3 Nb2 21. Rc1 Rhe8 22. Kg2 Kb8 23. c5 Nd3 24. Rc4 Nb2 25. Rb4 Nd3 26. Rb3 Ka8 27. Rhb1 Re7 28. Kg1 g5 29. Rd1 Red7 30. Rdb1 Ne5 31. Nxe5 Bxe5 32. Kg2 Rc8 33.
Rb6 f6 34. h3 Rf7 35. Kf3 Bb8 36. a4 Ba7 37. Re6 Bxc5 38. Rc1 Rfc7 39. Bxc5 Rxc5 40. Rxc5 Rxc5 41. Rxf6 Ra5 42. Rxh6 Rxa4 43. Rg6 Ra5 44. Kg4 Ra2 45. Kxg5 Rxf2 46. h4 a5 47. h5 a4 48.
Re6 Rh2 49. h6 a3 50. Re3 a2 51. Ra3+ Kb8 52. Kg6 Rh3 53. Rxa2 Rxg3+ 54. Kf6 Rh3 55. Kg7 Rg3+ 56. Kf7 Rh3 57. Kg6 Rg3+ 58. Kh7 b5 59. Rb2 Rg5 60. Kh8 Kc7 61. h7 Kc6 62. Rc2+ Kb6 63.
Rc8 b4 64. Rg8 Rh5 65. Kg7 Kc5 66. Rc8+ Kd4 67. h8=Q Rxh8 68. Kxh8 b3 69. Kg7 b2 70. Rb8 Kc3 71. Kf6 Kc2 72. Ke5 b1=Q 73. Rxb1 Kxb1 1/2-1/2